Workbook

Sheet Valuation
A2: INCOME APPROACH (DCF) | M2: MARKET APPROACH | R2: ASSET APPROACH
A5: CASH FLOW MODEL | M5: MULTIPLE MODEL | R5: ASSET-BASED MODEL
C6: 2023 | D6: 2024 | E6: 2025 | F6: 2026 | G6: 2027 | H6: 2028 | I6: 2029 | K6: Note | N6: Low | P6: High | T6: Estimated investment cost (USDk) | U6: Estimated useful life | V6: Remain useful life (years) | W6: NBV
A7: WACC | B7: =Valuation!E33 -> 0.114 | K7: D/E = 5/5. Kd=10%, Ke=15% | M7: EBITDA multiple | N7: 10 | P7: 15 | R7: Site 1 | T7: 1650 | U7: 10 | V7: 0.5 | W7: =T7/U7*V7 -> 82.5
A8: Stable growth rate | B8: 0.04 | K8: Long-term growht of GDP = 4% | M8: EBITDA | N8: =Forecast!E32 -> 7204.5303 | P8: =N8 -> 7204.5303 | R8: Site 2 | T8: 2500 | U8: 10 | V8: 5 | W8: =T8/U8*V8 -> 1250
A9: Investment cost for opening 2 new sites | F9: -5150 | M9: Enterprise value (USDK) | N9: =N8*N7 -> 72045.303 | P9: =P8*P7 -> 108067.95 | R9: Site 3 | T9: 3150 | U9: 10 | V9: 9.5 | W9: =T9/U9*V9 -> 2992.5
A10: Operating CF | E10: =Forecast!E30 -> 6005.6242 | F10: =Forecast!F30 -> 7099.7923 | G10: =Forecast!G30 -> 7293.2696 | H10: =Forecast!H30 -> 7499.835 | I10: =Forecast!I30 -> 7434.6692 | M10: Discount of removal of synergy | N10: 0.1 | P10: 0.1 | R10: Site 4 | T10: 3150 | U10: 10 | V10: 8 | W10: =T10/U10*V10 -> 2520
A11: Working capital change | K11: No significance | M11: EV after discount | N11: =N9*(1-N10) -> 64840.773 | P11: =P9*(1-P10) -> 97261.159 | R11: Site 5 | T11: 1650 | U11: 10 | V11: 1.5 | W11: =T11/U11*V11 -> 247.5
A12: Redisual value | I12: =I10*(1+B8)/(B7-B8) -> 104487.24 | R12: Site 6 | T12: 3150 | U12: 10 | V12: 5 | W12: =T12/U12*V12 -> 1575
M13: Revenue multiple | N13: 2 | P13: 3 | R13: Site 7 | T13: 2000 | U13: 10 | V13: 6 | W13: =T13/U13*V13 -> 1200
A14: Total CF | E14: =SUM(E9:E12) -> 6005.6242 | F14: =SUM(F9:F12) -> 1949.7923 | G14: =SUM(G9:G12) -> 7293.2696 | H14: =SUM(H9:H12) -> 7499.835 | I14: =SUM(I9:I12) -> 111921.91 | M14: Revenue | N14: =Forecast!E7 -> 22117.355 | P14: =N14 -> 22117.355 | R14: TOTAL | T14: =SUM(T7:T13) -> 17250 | W14: =SUM(W7:W13) -> 9867.5
A15: Discounted rate | E15: =1/(1+$B$7)^(E6-$D$6) -> 0.89766607 | F15: =1/(1+$B$7)^(F6-$D$6) -> 0.80580437 | G15: =1/(1+$B$7)^(G6-$D$6) -> 0.72334324 | H15: =1/(1+$B$7)^(H6-$D$6) -> 0.64932068 | I15: =1/(1+$B$7)^(I6-$D$6) -> 0.58287314 | M15: Enterprise value (USDK) | N15: =N14*N13 -> 44234.709 | P15: =P14*P13 -> 66352.064
A16: Discounted CF | E16: =E15*E14 -> 5391.0451 | F16: =F15*F14 -> 1571.1512 | G16: =G15*G14 -> 5275.5372 | H16: =H15*H14 -> 4869.798 | I16: =I15*I14 -> 65236.277 | M16: Discount of removal of synergy | N16: 0.1 | P16: 0.1 | R16: NET BOOK VALUE | S16: =W14 -> 9867.5
M17: EV after discount | N17: =N15*(1-N16) -> 39811.238 | P17: =P15*(1-P16) -> 59716.858
A18: Enterprise value (USDk) | B18: =SUM(D16:I16) -> 82343.808
A20: Value of Debt (USDk) | B20: 5000 | M20: COMPARABLE TRANSACTIONS
A22: Cash (USDk) | B22: 1000 | M22: 1. A Company acquired B company
M23: - Timing: | N23: 2021
A24: Equity value (USDk) | B24: =B18-(B20-B22) -> 78343.808 | M24: - Effective % share | N24: =92%*80% -> 0.736
M25: - Price | N25: 73.6 mill
M26: - EV (100%) | N26: 100 mill
M27: - Number of site at purchase date | N27: 7
A28: WORKING - WACC calculation | M28: - Total number of site of B Company | N28: 55
B30: Capital structure | D30: Cost | E30: Weighted | M30: 2. C Company acquired D Company
A31: Debt | B31: 0.5 | D31: 0.1 | E31: =D31*B31*(1-22%) -> 0.039 | M31: - Timing: | N31: 2023
A32: Equity | B32: 0.5 | D32: 0.15 | E32: =D32*B32 -> 0.075 | M32: - Effective % share | N32: 0.248
A33: WACC | E33: =SUM(E31:E32) -> 0.114 | M33: - Price in mil USD (estimated) | N33: =1577620*250000/20833/1000000 -> 18.931743
M34: - EV (100%) | N34: =N33/N32 -> 76.337673
M35: - Number of site at purchase date | N35: 4
M36: - Total number of site of B Company | N36: 18

Sheet Forecast
A1: ABC company - Forecast
C4: 2023 | D4: 2024 | E4: 2025 | F4: 2026 | G4: 2027 | H4: 2028 | I4: 2029
A7: TOTAL REVENUE | E7: 22117.355 | F7: 26663.32 | G7: 27796.684 | H7: 29018.8 | I7: 29312.711
A9: OPERATING COST
A11: COGS | E11: -8910.2187 | F11: -10709.477 | G11: -11136.16 | H11: -11595.107 | I11: -11683.28
A13: Staff cost | E13: 0.78139535 | F13: =E13*1.04 -> 0.81265116 | G13: =F13*1.04 -> 0.84515721 | H13: =G13*1.04 -> 0.8789635 | I13: =H13*1.04 -> 0.91412204
A14: Total staff cost (in USDk) | E14: -3526.5783 | F14: -4419.5673 | G14: -4756.7608 | H14: -5126.3706 | I14: -5331.4254
A16: Rental (in USDk) | E16: -1148.986 | F16: -1490.986 | G16: =F16*1.04 -> -1550.6255 | H16: =G16*1.04 -> -1612.6505 | I16: =H16*1.04 -> -1677.1565
A18: Selling expenses (% of revenue) | E18: 0.02 | F18: 0.02 | G18: 0.02 | H18: 0.02 | I18: 0.02
A19: Selling expense (in USDk) | E19: =-E18*E7 -> -442.34709 | F19: =-F18*F7 -> -533.26639 | G19: =-G18*G7 -> -555.93369 | H19: =-H18*H7 -> -580.37599 | I19: =-I18*I7 -> -586.25423
A21: G&A (% of revenue) | E21: 0.04 | F21: 0.04 | G21: 0.04 | H21: 0.04 | I21: 0.04
A22: G&A (in USDk) | E22: =-E21*E7 -> -884.69419 | F22: =-F21*F7 -> -1066.5328 | G22: =-G21*G7 -> -1111.8674 | H22: =-H21*H7 -> -1160.752 | I22: =-I21*I7 -> -1172.5085
A24: Depreciation (in VNDm) | E24: -1210 | F24: -1725 | G24: -1725 | H24: -1725 | I24: -1725
A26: OPERATING PROFIT | E26: =SUM(E7,E11,E14,E16,E19,E22,E24) -> 5994.5303 | F26: =SUM(F7,F11,F14,F16,F19,F22,F24) -> 6718.4904 | G26: =SUM(G7,G11,G14,G16,G19,G22,G24) -> 6960.3369 | H26: =SUM(H7,H11,H14,H16,H19,H22,H24) -> 7218.5437 | I26: =SUM(I7,I11,I14,I16,I19,I22,I24) -> 7137.0865
A28: TAX paid @ 20% | E28: =-E26*20% -> -1198.9061 | F28: =-F26*20% -> -1343.6981 | G28: =-G26*20% -> -1392.0674 | H28: =-H26*20% -> -1443.7087 | I28: =-I26*20% -> -1427.4173
A30: NET CF | E30: =E26+E28-E24 -> 6005.6242 | F30: =F26+F28-F24 -> 7099.7923 | G30: =G26+G28-G24 -> 7293.2696 | H30: =H26+H28-H24 -> 7499.835 | I30: =I26+I28-I24 -> 7434.6692
A32: EBITDA | E32: =E26-E24 -> 7204.5303 | F32: =F26-F24 -> 8443.4904 | G32: =G26-G24 -> 8685.3369 | H32: =H26-H24 -> 8943.5437 | I32: =I26-I24 -> 8862.0865
